 Dungeon Crawl Stone Soup version 0.31-a0-263-ge8cad7f256 (webtiles) character file.

Game seed: 309508630136988496

138 qw the Shooter (level 5, 0/32 HPs)
             Began as a Gargoyle Hexslinger on July 13, 2023.
             Slain by Eustachio
             ... wielding a +3 falchion of draining
              (1 damage)
             ... on level 4 of the Dungeon.
             The game lasted 00:01:12 (2450 turns).

qw the Shooter (Gargoyle Hexslinger)                Turns: 2450, Time: 00:01:13

Health: 0/32       AC:  8    Str: 12    XL:     5   Next: 21%
Magic:  0/6        EV: 11    Int: 13    God:
Gold:   175        SH:  0    Dex: 14    Spells: 5/6 levels left

rFire   . . .        Y - +1 sling
rCold   . . .        (no shield)
rNeg    + . .        j - +0 leather armour
rPois   inf          (no helmet)
rElec   +            (no cloak)
rCorr   .            h - +0 pair of gloves
SInv    .            (no boots)
Will    .....        g - amulet of guardian spirit
Stlth   +            (no ring)
HPRegen 0.25/turn    (no ring)
MPRegen 0.10/turn

%: guardian spirit
@: no status effects
A: sickness immunity, AC +4, negative energy resistance 1, electricity
resistance, torment resistance 1, petrification resistance
a: no special abilities


You were on level 4 of the Dungeon.
You visited 1 branch of the dungeon, and saw 4 of its levels.

You collected 175 gold pieces.


Innate Abilities, Weirdness & Mutations

You are immune to sickness and miasma.
Your stone body is resilient. (AC +4)
You are immune to poison.
You resist negative energy. (rN+)
You are resistant to electric shocks. (rElec)
You are resistant to unholy torment.
You are immune to petrification.


   Skills:
 - Level 2.9 Fighting
 + Level 4.5 Ranged Weapons
 - Level 1.5 Dodging
 - Level 1.0 Spellcasting
 - Level 2.6 Hexes


You had 5 spell levels left.
You knew the following spells:

 Your Spells              Type           Power      Damage    Failure   Level
a - Slow                  Hex            28%        N/A       12%         1

Your spell library contained the following spells:

 Spells                   Type           Power      Damage    Failure   Level
 Inner Flame              Hex/Fire       4%         N/A       52%         3
 Portal Projectile        Hex/Tloc       8%         N/A       52%         3
 Cause Fear               Hex            3%         N/A       75%         4

Inventory:

Hand Weapons
 Y - a +1 sling (weapon)
Armour
 h - a +0 pair of gloves (worn)
 j - a +0 leather armour (worn)
Jewellery
 g - an amulet of guardian spirit (around neck)
Scrolls
 a - 4 scrolls of identify
Potions
 e - 2 potions of enlightenment

Dungeon Overview and Level Annotations

Branches:
Dungeon (4/15)
 Temple: D:4-7

Altars:
Uskayaw
Wu Jian

Annotations:
D:1 exclusion: gnoll
D:4 Eustachio, Sigmund


Message History

The white imp gestures at you. The puff of frost misses you.
You shoot a sling bullet.
The sling bullet hits the white imp but does no damage.
The white imp is lightly wounded.
The bat hits you but does no damage. x3
The white imp gestures at you. The puff of frost hits you.
You shoot a sling bullet. The sling bullet hits the white imp.
The white imp is moderately wounded.
The white imp disappears in a puff of smoke!
The bat barely misses you. The bat closely misses you. The bat misses you.
The ufetubus barely misses you. The ufetubus misses you.
You shoot a sling bullet. The sling bullet hits the ufetubus.
The ufetubus is moderately wounded.
The bat closely misses you. The bat barely misses you.
The ufetubus barely misses you. x2; The bat barely misses you.
You shoot a sling bullet.
The sling bullet barely misses Eustachio.
The bat barely misses you. The bat hits you but does no damage.
You shoot a sling bullet.
The sling bullet barely misses Eustachio.
The ufetubus disappears in a puff of smoke!
The bat barely misses you. The bat hits you but does no damage.
Eustachio hits you with a +3 falchion of draining!
The bat barely misses you.
You shoot a sling bullet.
The sling bullet closely misses Eustachio.
The bat hits you. The bat misses you.
Eustachio hits you with a +3 falchion of draining!
Eustachio hits you with a +3 falchion of draining.
You shoot a sling bullet. The sling bullet hits Eustachio.
Eustachio is moderately wounded.
The bat hits you but does no damage. The bat barely misses you.
Eustachio hits you but does no damage. The bat barely misses you.
You shoot a sling bullet.
The sling bullet barely misses Eustachio.
The bat hits you. The bat hits you but does no damage.
Eustachio hits you with a +3 falchion of draining.
You die...

##### #.[.#
#.#.# #.#.#
#.#.#####
#.#.#b@.#
#.#.#@#.......
#.....#5.####.
###.###5.#
...# ..# #####
#.# .. ##


You could see Eustachio and a bat (summoned).

Vanquished Creatures
  Terence (D:2)
  4 adders
  4 dart slugs
  2 endoplasms (D:3)
  2 giant cockroaches
  5 hobgoblins
  7 jackals
  A quokka (D:2)
  4 ball pythons
  5 bats
  15 frilled lizards
  11 goblins
  5 kobolds
  3 rats
69 creatures vanquished.

Notes
Turn   | Place    | Note
-------+----------+-------------------------------------------
     0 | D:1      | qw the Gargoyle Hexslinger began the quest for the Orb.
     0 | D:1      | Reached XP level 1. HP: 12/12 MP: 2/2
     0 | D:1      | 0 ||| qw: Version: 0.3-a-52-g30416fa
     0 | D:1      | 0 ||| qw: Game counter: 7410
     0 | D:1      | 0 ||| qw: Melee chars always use a shield: true
     0 | D:1      | 0 ||| qw: God list: Okawaru
     0 | D:1      | 0 ||| qw: Allow faded altars: false
     0 | D:1      | 0 ||| qw: Do Orc after clearing Dungeon:15 true
     0 | D:1      | 0 ||| qw: Do second Lair branch before Depths: true
     0 | D:1      | 0 ||| qw: Lair rune preference: random
     0 | D:1      | 0 ||| qw: Goals: Normal
     0 | D:1      | 0 ||| PLANNING D:1-11
   225 | D:1      | Reached XP level 2. HP: 16/16 MP: 3/3
   338 | D:1      | Reached skill level 3 in Ranged Weapons
   471 | D:1      | 471 ||| READING scroll labelled FIGGOXK LIKKOH.
   471 | D:1      | HP: 4/16 [gnoll/+0 spear (4)]
   473 | D:1      | 473 ||| FLEEEEING.
   474 | D:1      | 474 ||| FLEEEEING.
   610 | D:1      | 610 ||| READING scroll labelled OCUGE UNYOWUNI.
   611 | D:1      | 611 ||| DROPPING scroll of poison.
   655 | D:2      | 655 ||| STAIRDANCE
   666 | D:2      | Noticed Terence
   670 | D:2      | Reached XP level 3. HP: 21/21 MP: 4/4
   681 | D:2      | HP: 5/21 [Terence/+0 hand axe (2)]
   686 | D:2      | Killed Terence
   850 | D:2      | Reached XP level 4. HP: 27/27 MP: 5/5
  1239 | D:2      | 1239 ||| UPGRADING to +0 leather armour.
  1249 | D:2      | 1249 ||| DROPPING +0 robe.
  1250 | D:2      | 1250 ||| UPGRADING to amulet of guardian spirit.
  1255 | D:2      | 1255 ||| READING 3 scrolls labelled CAYHOM BIFUN.
  1256 | D:2      | 1256 ||| READING scroll labelled HOOSKU QIULAY.
  1276 | D:2      | 1276 ||| READING scroll labelled FOXILOP VAENU.
  1277 | D:2      | 1277 ||| DRINKING 2 glowing clear potions.
  1278 | D:2      | 1278 ||| READING 2 scrolls of identify.
  1278 | D:2      | 1278 ||| IDENTIFYING viscous black potion
  1336 | D:3      | Reached skill level 4 in Ranged Weapons
  1850 | D:3      | Reached XP level 5. HP: 32/32 MP: 6/6
  2236 | D:3      | Found a hide-covered altar of Uskayaw.
  2236 | D:3      | Found an ornate altar of the Wu Jian Council.
  2239 | D:3      | 2239 ||| UPGRADING to +0 pair of gloves.
  2254 | D:3      | 2254 ||| DRINKING 3 black potions.
  2288 | D:3      | 2288 ||| READING 5 scrolls of identify.
  2288 | D:3      | 2288 ||| IDENTIFYING smoky amethyst potion
  2289 | D:3      | 2289 ||| DROPPING potion of invisibility.
  2337 | D:4      | Noticed Sigmund
  2357 | D:4      | HP: 7/32 [something (3)]
  2359 | D:4      | HP: 1/32 [something (7)]
  2361 | D:4      | 2361 ||| DRINKING potion of curing.
  2361 | D:4      | 2361 ||| (to cure confusion)
  2368 | D:4      | HP: 6/32 [Sigmund/+0 scythe (6)]
  2369 | D:4      | 2369 ||| READING scroll of teleportation.
  2370 | D:4      | 2370 ||| DRINKING potion of heal wounds.
  2428 | D:4      | Noticed Eustachio
  2432 | D:4      | 2432 ||| Stepping ~*~*~tactically~*~*~ (outnumbered).
  2448 | D:4      | HP: 3/32 [Eustachio/+3 falchion of draining (7)]
  2448 | D:4      | HP: 1/32 [Eustachio/+3 falchion of draining (2)]
  2450 | D:4      | Slain by Eustachio

Levels and vault maps discovered:
D:1:      minmay_arrival_semitransparent, layout_basic
D:2:      layout_rooms, uniq_terence
D:3:      layout_basic, jmf_multi_god_temple, minmay_lizard_king
D:4:      layout_basic, temple_doors_e, serial_shops, nicolae_shop_trees,
          uniq_eustachio, uniq_sigmund

Skill      XL: |  1  2  3  4 |
---------------+-------------+-----
Ranged Weapons | 3 4 |  4.5
Fighting       | 2 |  2.9
Dodging        | |  1.5
Spellcasting   | |  1.0
Hexes          | |  2.6

Action                     |  1- 3 |  4- 6 || total
---------------------------+-------+-------++-------
   Fire: Sling             |   101 |   208 ||   309
    Use: Scroll            |     2 |     6 ||     8
         Potion            |       |     4 ||     4
 Armour: Robe              |    25 |     6 ||    31
         Leather armour    |       |    81 ||    81
  Dodge: Dodged            |    40 |   145 ||   185

Table legend:
 A = Non-vault XP
 B = Vault XP
 C = Vault XP percentage of total XP
 D = Non-vault monster count
 E = Vault monster count
 F = Vault count percentage of total count
                 A         B        C        D         E       F
            +---------+---------+-------+---------+---------+-------
      Total |     149 |      49 |  24.7 |      56 |      13 |  18.8
            +---------+---------+-------+---------+---------+-------
        D:1 |      29 |       0 |   0.0 |      17 |       0 |   0.0
        D:2 |      45 |      36 |  44.4 |      20 |       1 |   4.8
        D:3 |      71 |      13 |  15.5 |      17 |      12 |  41.4
        D:4 |       4 |       0 |   0.0 |       2 |       0 |   0.0
            +---------+---------+-------+---------+---------+-------
